AoeStats
← Random

African Clearing

505081601Analyzed
4v4 RM · 25d ago on Sep 7, 2026· 40m 47s· 8 players
Game mode
Random Map
Map size
Large (8 player)
Population
200
Speed
Normal
Resources
Standard
Victory
Conquest
Starting age
Dark Age
Ending age
Imperial Age
RankedLock teamsTeams togetherTeam positionsShared explorationLock speedFull tech treeHidden civsTurbo modeCheats
Victory
Defeat
🇪🇸 Saracens · Spain
1644
+11
🇨🇳 Celts · China
1607
+12
🇨🇳 Mongols · China
1606
+12
🇺🇸 Tupi · United States
1599
+13
🇪🇸 Bengalis · Spain
1579
-14
🇦🇷 Aztecs · Argentina
1544
-13
🇪🇸 Inca · Spain
1521
-12
🇪🇸 Burgundians · Spain
1454
-9
Bz_青红
8:35 Loom
11:06 Feudal Age
12:06 Double-Bit Axe
13:22 Horse Collar
14:23 Town Watch
22:18 Castle Age
20:48 Gold Mining
20:59 Stone Mining
22:14 Bloodlines
21:56 Fletching
26:31 Bodkin Arrow
30:33 Padded Archer Armor
32:26 Ballistics
34:16 Bow Saw
42:31 Imperial Age
41:51 Gold Shaft Mining
41:53 Wheelbarrow
DK_Odysseo
5:30 Loom
12:21 Feudal Age
17:48 Fletching
20:58 Castle Age
20:33 Double-Bit Axe
22:04 Bodkin Arrow
25:56 Crossbowman
35:08 Bow Saw
35:05 Horse Collar
37:24 Wheelbarrow
36:34 Town Watch
40:08 Imperial Age
39:36 Bloodlines
39:27 Husbandry
39:35 Scale Barding Armor
39:41 Forging
39:45 Heavy Plow
41:14 Hand Cart
Random
8:55 Loom
11:25 Feudal Age
11:44 Champi Runner
14:11 Forging
14:01 Scale Mail Armor
17:23 Wheelbarrow
16:40 Double-Bit Axe
18:47 Horse Collar
21:47 Castle Age
20:21 Horse Collar
20:41 Gold Mining
20:50 Gold Mining
21:56 Arson
22:09 Champi Warrior
22:50 Squires
23:06 Chain Mail Armor
23:29 Iron Casting
23:36 Chain Mail Armor
24:05 Chain Mail Armor
25:52 Bow Saw
26:49 Heavy Plow
38:10 Imperial Age
36:50 Gold Shaft Mining
37:09 Pikeman
38:21 Hand Cart
37:54 Town Watch
39:19 Coinage
38:21 Elite Champi Warrior
39:32 Plate Mail Armor
39:23 Conscription
39:19 Caciques
Long-Long-Way
14:42 Feudal Age
13:09 Loom
14:56 Feudal Age
16:53 Double-Bit Axe
19:25 Castle Age
18:31 Scale Barding Armor
18:40 Forging
18:26 Fishing Lines
21:07 Chain Barding Armor
20:50 Husbandry
24:08 Town Watch
25:39 Iron Casting
25:04 Horse Collar
28:44 Wheelbarrow
32:55 Scale Mail Armor
34:06 Gold Mining
34:07 Stone Mining
37:25 Imperial Age
35:47 Chain Mail Armor
35:19 Gambesons
35:20 Arson
36:39 Hand Cart
37:36 Fletching
38:31 Elite Woad Raider
39:33 Conscription
40:36 Blast Furnace
40:29 Plate Mail Armor
41:09 Bodkin Arrow
DK_Dani
11:12 Loom
13:23 Feudal Age
14:44 Double-Bit Axe
17:38 Castle Age
18:50 Bow Saw
22:58 Scale Mail Armor
27:31 Chain Mail Armor
30:48 Horse Collar
31:42 Heavy Plow
36:45 Imperial Age
36:14 Forging
37:36 Squires
38:12 Plate Mail Armor
DK_Nightclaim
5:29 Loom
11:48 Feudal Age
12:39 Double-Bit Axe
24:23 Horse Collar
28:21 Castle Age
28:33 Wheelbarrow
27:54 Gold Mining
29:48 Bow Saw
40:04 Imperial Age
37:38 Fletching
38:41 Bodkin Arrow
38:43 Elite Skirmisher
39:01 Crossbowman
DK_Idroj
9:52 Loom
13:26 Feudal Age
18:23 Castle Age
19:03 Fletching
19:41 Horse Collar
21:43 Scale Barding Armor
33:51 Cavalier
37:55 Forging
38:45 Chain Barding Armor
AxD | MatrixWars
10:03 Loom
12:54 Feudal Age
16:41 Castle Age
15:20 Scale Mail Armor
15:22 Gold Mining
15:42 Double-Bit Axe
16:38 Town Watch
16:45 Eagle Warrior
17:50 Bow Saw
18:05 Squires
27:06 Chain Mail Armor
26:59 Arson
31:21 Forging
34:34 Horse Collar
39:54 Imperial Age
38:26 Iron Casting
38:56 Wheelbarrow
40:36 Hand Cart
39:56 Elite Eagle Warrior
Connection lost

Rejoining the realm…

Still unreachable

The connection could not be restored.

Session expired

The server has moved on; the page needs a fresh start.